 Dungeon Crawl Stone Soup version 0.14-a0-405-gb95792f (webtiles) character file.

186 PolkaDot the Ruinous (level 4, 0/28 HPs)
             Began as a Vampire Wizard on Oct 27, 2013.
             Slain by a worm (10 damage)
             ... on Level 3 of the Dungeon.
             The game lasted 00:06:42 (1974 turns).

PolkaDot the Ruinous (Vampire Wizard)               Turns: 1974, Time: 00:06:42

HP   0/28        AC  2     Str  6      XL: 4   Next: 77%
MP   4/12        EV 12     Int 21      God:
Gold 65          SH  0     Dex 12      Spells:  1 memorised,  8 levels left

Res.Fire  : . . .   See Invis. : +   e - +2,+0 elf short sword
Res.Cold  : . . .   Warding    : .   a - +0 robe
Life Prot.: . . .   Conserve   : .   (no shield)
Res.Poison: .       Res.Corr.  : .   b - +0 wizard hat
Res.Elec. : .       Clarity    : .   (no cloak)
Sust.Abil.: . .     Spirit.Shd : .   (no gloves)
Res.Mut.  : .       Stasis     : +   (no boots)
Res.Rott. : .       Flight     : .   o - amulet of stasis
Saprovore : . . .                    (no ring)
                                     (no ring)

@: regenerating quickly, slightly resistant to hostile enchantments, stealthy
A: fangs 3, see invisible, unbreathing
a: no special abilities


You were on level 3 of the Dungeon.
You were very full.

You visited 1 branch of the dungeon, and saw 3 of its levels.

You collected 45 gold pieces.

Inventory:

Hand weapons
 e - a +2,+0 elven short sword (weapon)
Armour
 a - a +0 robe (worn)
 b - a +0 wizard hat (worn)
Magical devices
 p - a wand of fireball (3) {unknown}
Scrolls
 f - 3 scrolls of identify {unknown}
 g - 2 scrolls of blinking {unknown}
 h - 3 scrolls of curse weapon {unknown}
 i - a scroll of magic mapping {unknown}
 m - 2 scrolls of remove curse {unknown}
 q - a scroll of teleportation {unknown}
Jewellery
 o - an amulet of stasis (around neck)
Potions
 d - 2 potions of blood
 j - a potion of heal wounds {unknown}
 k - a potion of agility {unknown}
 l - a potion of restore abilities {unknown}
 n - a potion of magic {unknown}
Books
 c - a book of Minor Magic

   Spells                             Type                      Level
   *Magic Dart                        Conjuration                  1
   Blink                              Translocation                2
   Call Imp                           Summoning                    2
   Repel Missiles                     Charms/Air                   2
   Slow                               Hexes                        2
   Conjure Flame                      Conjuration/Fire             3
   Mephitic Cloud                     Conjuration/Poison/Air       3


   Skills:
 - Level 2.1 Dodging
 - Level 3.0 Stealth
 - Level 3.0 Spellcasting
 * Level 3.4 Conjurations
   Level 1.0 Summonings
   Level 0.7 Translocations


You had 8 spell levels left.
You knew the following spells:

 Your Spells              Type           Power        Failure   Level  Hunger
a - Magic Dart            Conj           ###.         3%          1    None


Dungeon Overview and Level Annotations

Branches:
Dungeon (3/27)

Altars:
Ashenzari


Innate Abilities, Weirdness & Mutations

Your natural rate of healing is unusually fast.
You have razor-sharp teeth.*
You have supernaturally acute eyesight.
You can survive without breathing.*


Message History

Aim: a worm (heavily wounded)
The magic dart hits the worm.
The worm is severely wounded.
The worm bites you!
Casting: Magic Dart
Confirm with . or Enter, or press ? or * to list all spells.
Aiming: Magic Dart
Press: ? - help, Shift-Dir - straight line, f/p - worm
Aim: a worm (severely wounded)
The magic dart hits the worm.
The worm is severely wounded.
Casting: Magic Dart
Confirm with . or Enter, or press ? or * to list all spells.
Aiming: Magic Dart
Press: ? - help, Shift-Dir - straight line, f/p - worm
Aim: a worm (severely wounded)
The magic dart hits the worm.
The worm is almost dead.
The worm bites you!
You die...

#######.....####
########...........#
#..........###.....#
#..........# #.....#
#..........# #.....#
#......#'###
#....... ########.#
###+### ##.<..#
#..@### #..w# #...#
#...# #...# .....
...... ...... ...


You could see a worm.

Vanquished Creatures
  5 adders (D:2)
  A giant mite (D:3)
  2 worms
  3 giant geckos
  5 bats
  6 giant cockroaches
  5 goblins
  7 hobgoblins
  8 kobolds
  4 giant newts
  3 jackals (D:2)
  6 rats (D:2)
55 creatures vanquished.

Notes
Turn   | Place    | Note
--------------------------------------------------------------
     0 | D:1      | PolkaDot, the Vampire Wizard, began the quest for the Orb.
     0 | D:1      | Reached XP level 1. HP: 11/11 MP: 6/6
    27 | D:1      | Reached skill level 1 in Conjurations
   245 | D:1      | Reached XP level 2. HP: 9/17 MP: 8/8
   980 | D:2      | Reached XP level 3. HP: 9/22 MP: 6/10
  1104 | D:2      | Reached XP level 4. HP: 28/28 MP: 2/12
  1225 | D:2      | Found a shattered altar of Ashenzari.
  1974 | D:3      | Slain by a worm

Action                   |  1- 3 |  4- 6 || total
-------------------------+-------+-------++-------
Melee: Short sword       |    64 |    74 ||   138
 Cast: Magic Dart        |    54 |    51 ||   105
 Stab: Sleeping          |     7 |     3 ||    10
